 Dungeon Crawl Stone Soup version 0.30-a0-778-g2ef04afb54 (webtiles) character file.

Game seed: 10982914317136627795

2516212 snackwell the Conqueror (level 26, 216/239 HPs)
             Began as a Minotaur Gladiator on Feb 14, 2023.
             Was the Champion of Hepliaklqana.
             Escaped with the Orb
             ... and 4 runes on Feb 16, 2023!
             The game lasted 04:49:17 (61570 turns).

snackwell the Conqueror (Minotaur Gladiator)       Turns: 61570, Time: 04:49:18

Health: 216/239    AC: 52    Str: 29    XL:     26   Next: 76%
Magic:  29/29      EV: 16    Int:  9    God:    Hepliaklqana [******]
Gold:   6170       SH: 26    Dex: 17    Spells: 25/25 levels left

rFire   + + +      SeeInvis .    T - +9 demon trident (drain)
rCold   + + +      Faith    .    b - +2 shield of Resistance {rF++ rC++ Will++}
rNeg    + . .      Spirit   +    t - +6 gold dragon scales
rPois   +          Reflect  .    (helmet unavailable)
rElec   +          Harm     .    M - +2 cloak {rCorr}
rCorr   +          Rampage  ∞    E - +3 pair of gauntlets of War {Slay+5}
Will    ++++.                    X - +3 pair of seven-league boots {Rampage+∞} Stlth
                                 J - brooch of Shielding {Spirit SH+8}
HPRegen 0.59/turn                s - ring of Zetakhitz {rC+ rN+ AC+4}
MPRegen 0.21/turn                p - ring "Zaulusch" {rElec rPois Will+ Str+3 Dex+2}

@: studying 6 skills
A: reduced essence, horns 3, retaliatory headbutt, iridescent scales 1, clever
1, electricity resistance, inhibited regeneration
0: Orb of Zot
}: 4/15 runes: serpentine, barnacled, slimy, silver
a: Renounce Religion, Recall Ancestor, Ancestor Identity, Transference, Idealise


You escaped.
You worshipped Hepliaklqana.
Hepliaklqana was exalted by your worship.
You visited 11 branches of the dungeon, and saw 53 of its levels.
You visited the Abyss 1 time.
You also visited: Trove, Gauntlet and Ice Cave.

You collected 10582 gold pieces.
You spent 4412 gold pieces at shops.

Inventory:

Hand Weapons
 m - a +3 demon trident of electrocution
   (You took it off a red devil on level 2 of the Depths)
 T - a +9 demon trident of draining (weapon)
   (You took it off Asterion on level 2 of the Vaults)
Missiles
 d - 6 throwing nets
 e - 30 javelins
 i - 15 silver javelins
 x - 37 boomerangs (quivered)
Armour
 b - the +2 shield of Resistance (worn) {rF++ rC++ Will++}
   (You found it on level 3 of the Elven Halls)

   rF:        It greatly protects you from fire.
   rC:        It greatly protects you from cold.
   Will:      It greatly increases your willpower.
 t - +6 gold dragon scales (worn)
   (You found it on level 5 of the Vaults)
 E - the +3 pair of gauntlets of War (worn) {Slay+5}
   (You found it on level 3 of the Elven Halls)

   Slay:      It affects your accuracy & damage with ranged weapons and melee
   (+5).
 K - the +0 mask of the Dragon {Will+ Slay+3 SInv}
   (You found it on level 4 of the Shoals)

   Slay:      It affects your accuracy & damage with ranged weapons and melee
   (+3).
   SInv:      It lets you see invisible.
   Will:      It increases your willpower.
 M - a +2 cloak of preservation (worn)
   (You took it off Maurice on level 1 of the Orcish Mines)
 X - the +3 pair of seven-league boots (worn) {Rampage+∞}
   (You acquired it on level 3 of the Lair of Beasts)

   Rampage+∞: When moving toward enemies, its wearer moves as far as possible.
Jewellery
 p - the ring "Zaulusch" (right hand) {rElec rPois Will+ Str+3 Dex+2}
   (You took it off Jory on level 5 of the Vaults)

   [ring of willpower]

   Str:       It affects your strength (+3).
   Dex:       It affects your dexterity (+2).
   rElec:     It insulates you from electricity.
   rPois:     It protects you from poison.
   Will:      It increases your willpower.
 s - the ring of Zetakhitz (left hand) {rC+ rN+ AC+4}
   (You bought it in a shop on level 1 of the Vaults)

   [ring of protection]

   AC:        It affects your AC (+4).
   rC:        It protects you from cold.
   rN:        It protects you from negative energy.
 v - a +5 ring of evasion
   (You found it on level 14 of the Dungeon)
 G - an amulet of regeneration
   (You found it on level 7 of the Dungeon)
 J - the brooch of Shielding (around neck) {Spirit SH+8}
   (You took it off a tengu warrior on level 2 of the Depths)

   [amulet of guardian spirit]

   It causes incoming damage to be divided between your reserves of health and
   magic.
   SH:        It affects your SH (+8).
 R - the ring "Onisatte" {rF+ rC+}
   (You found it in an ice cave)

   [ring of protection from cold]

   rF:        It protects you from fire.
   rC:        It protects you from cold.
Wands
 u - a wand of light (27)
   (You found it on level 3 of the Dungeon)
 y - a wand of polymorph (4)
   (You found it on level 2 of the Vaults)
 N - a wand of iceblast (24)
   (You found it on level 13 of the Dungeon)
 P - a wand of mindburst (27)
   (You found it on level 11 of the Dungeon)
Scrolls
 a - 10 scrolls of blinking
 c - 4 scrolls of brand weapon
 k - 8 scrolls of teleportation
 l - 5 scrolls of magic mapping
 r - 8 scrolls of silence
 B - 6 scrolls of fog
 C - 6 scrolls of fear
 F - 7 scrolls of poison
Potions
 h - 7 potions of invisibility
 j - 7 potions of haste
 n - 6 potions of berserk rage
 o - 13 potions of lignification
 w - 7 potions of heal wounds
 D - 8 potions of resistance
 I - 13 potions of might
 L - 4 potions of magic
 O - 2 potions of brilliance
 U - 13 potions of curing
 V - 5 potions of ambrosia
 W - 6 potions of cancellation
 Z - 8 potions of attraction
Miscellaneous
 f - a phial of floods
   (You found it on level 3 of the Elven Halls)
 g - a box of beasts
   (You found it in a Gauntlet)
 z - a condenser vane
   (You found it on level 3 of the Elven Halls)
 A - a lightning rod (4/4)
   (You found it on level 10 of the Dungeon)
 H - a phantom mirror
   (You found it on level 4 of the Vaults)
 Q - a tin of tremorstones (2/2)
   (You found it on level 3 of the Elven Halls)


   Skills:
 O Level 27 Fighting
 - Level 20.0 Polearms
 - Level 10.6 Ranged Weapons
 + Level 21.1 Throwing
 - Level 26.1 Armour
 + Level 18.1 Dodging
 - Level 7.1 Stealth
 + Level 21.5 Shields
 - Level 10.0 Invocations
 - Level 17.0 Evocations


You had 25 spell levels left.
You didn't know any spells.
Your spell library contained the following spells:

 Spells                   Type           Power      Damage    Failure   Level
 Apportation              Tloc           0%         N/A       97%         1
 Foxfire                  Conj/Fire      0%         2x1d4     97%         1
 Kiss of Death            Conj/Necr      0%         2d5       97%         1
 Magic Dart               Conj           0%         1d3       97%         1
 Necrotise                Necr           0%         1d4       97%         1
 Sandblast                Erth           0%         2d4       97%         1
 Shock                    Conj/Air       0%         1d3       97%         1
 Sting                    Tmut/Pois      0%         1d3       97%         1
 Summon Small Mammal      Summ           0%         N/A       97%         1
 Blink                    Tloc           0%         N/A       99%         2
 Cigotuvi's Dreadful Rot  Necr/Pois/Air  0%         N/A       99%         2
 Ensorcelled Hibernation  Hex/Ice        0%         N/A       99%         2
 Momentum Strike          Conj/Tloc      0%         3d8       99%         2
 Passwall                 Tmut/Erth      0%         N/A       99%         2
 Poisonous Vapours        Pois/Air       0%         N/A       99%         2
 Static Discharge         Conj/Air       0%         2-2/arc   99%         2
 Sublimation of Blood     Necr           0%         N/A       99%         2
 Wereblood                Tmut           0%         N/A       99%         2
 Confusing Touch          Hex            0%         N/A       100%        3
 Dazzling Flash           Conj/Hex       0%         N/A       100%        3
 Frozen Ramparts          Ice            0%         1d1       100%        3
 Ignite Poison            Fire/Tmut/Pois 0%         N/A       100%        3
 Inner Flame              Hex/Fire       0%         N/A       100%        3
 Kindle Blastsparks       Fire/Tloc/Air  0%         2d10      100%        3
 Mephitic Cloud           Conj/Pois/Air  0%         N/A       100%        3
 Ozocubu's Armour         Ice            0%         N/A       100%        3
 Spider Form              Tmut/Pois      0%         N/A       100%        3
 Stone Arrow              Conj/Erth      0%         3d7       100%        3
 Summon Guardian Golem    Hex/Summ       0%         N/A       100%        3
 Swiftness                Air            0%         N/A       100%        3
 Tukima's Dance           Hex            0%         N/A       100%        3
 Vhi's Electric Charge    Tloc/Air       0%         N/A       100%        3
 Airstrike                Air            0%         2d(0-16)  100%        4
 Anguish                  Hex/Necr       0%         N/A       100%        4
 Animate Armour           Summ/Erth      0%         N/A       100%        4
 Animate Dead             Necr           0%         N/A       100%        4
 Cause Fear               Hex            0%         N/A       100%        4
 Dispel Undead            Necr           0%         3d6       100%        4
 Flame Wave               Conj/Fire      0%         2d4       100%        4
 Fulminant Prism          Conj/Hex       0%         3d5       100%        4
 Ice Form                 Ice/Tmut       0%         N/A       100%        4
 Iskenderun's Mystic Bla  Conj/Tloc      0%         2d3       100%        4
 Manifold Assault         Tloc           0%         N/A       100%        4
 Olgreb's Toxic Radiance  Pois           0%         N/A       100%        4
 Passage of Golubria      Tloc           0%         N/A       100%        4
 Petrify                  Tmut/Erth      0%         N/A       100%        4
 Sticky Flame             Conj/Fire      0%         2d3       100%        4
 Summon Ice Beast         Ice/Summ       0%         N/A       100%        4
 Summon Lightning Spire   Summ/Air       0%         N/A       100%        4
 Agony                    Necr           0%         N/A       100%        5
 Alistair's Intoxication  Tmut/Pois      0%         N/A       100%        5
 Arcjolt                  Conj/Air       0%         1d10      100%        5
 Blade Hands              Tmut           0%         N/A       100%        5
 Borgnjor's Vile Clutch   Necr/Erth      0%         N/A       100%        5
 Fireball                 Conj/Fire      0%         3d3       100%        5
 Freezing Cloud           Conj/Ice/Air   0%         6-21      100%        5
 Irradiate                Conj/Tmut      0%         3d11      100%        5
 Iskenderun's Battlesphe  Conj           0%         2d6       100%        5
 Lee's Rapid Deconstruct  Erth           0%         3d4*      100%        5
 Lightning Bolt           Conj/Air       0%         1d11      100%        5
 Metabolic Englaciation   Hex/Ice        0%         N/A       100%        5
 Silence                  Hex/Air        0%         N/A       100%        5
 Summon Forest            Summ/Tloc      0%         N/A       100%        5
 Summon Mana Viper        Hex/Summ       0%         N/A       100%        5
 Yara's Violent Unravell  Hex/Tmut       0%         3d3       100%        5
 Conjure Ball Lightning   Conj/Air       0%         3x3d6     100%        6
 Dispersal                Tloc           0%         N/A       100%        6
 Eringya's Noxious Bog    Tmut/Pois      0%         N/A       100%        6
 Iron Shot                Conj/Erth      0%         9d1       100%        6
 Starburst                Conj/Fire      0%         6d3       100%        6
 Statue Form              Tmut/Erth      0%         N/A       100%        6
 Dragon Form              Tmut           0%         N/A       100%        7
 Enfeeble                 Hex            0%         N/A       100%        7
 Orb of Destruction       Conj           0%         9d5       100%        7
 Ozocubu's Refrigeration  Ice            0%         4d7       100%        7
 Spellforged Servitor     Conj/Summ      0%         N/A       100%        7
 Storm Form               Tmut/Air       0%         N/A       100%        7
 Summon Hydra             Summ           0%         N/A       100%        7
 Disjunction              Tloc           0%         N/A       100%        8
 Ignition                 Fire           0%         3d3       100%        8
 Lehudib's Crystal Spear  Conj/Erth      0%         10d2      100%        8
 Maxwell's Capacitive Co  Air            0%         ∞         100%        8
 Necromutation            Tmut/Necr      0%         N/A       100%        8
 Chain Lightning          Conj/Air       0%         N/A       100%        9
 Death's Door             Necr           0%         N/A       100%        9
 Dragon's Call            Summ           0%         N/A       100%        9
 Fire Storm               Conj/Fire      0%         5d1       100%        9


Dungeon Overview and Level Annotations

Branches:
Dungeon (15/15)            Temple (1/1) D:7            Lair (5/5) D:11
 Shoals (4/4) Lair:2        Snake (4/4) Lair:3        Slime (5/5) Lair:4
    Orc (2/2) D:9             Elf (3/3) Orc:2        Vaults (5/5) D:14
  Crypt (0/3) Vaults:2     Depths (4/4) D:15            Zot (5/5) Depths:4
  IceCv (visited)         Gauntlet (visited)

Altars:
Ashenzari
Dithmenos
Elyvilon
Fedhas
Gozag
Hepliaklqana
Kikubaaqudgha
Makhleb
Nemelex Xobeh
Okawaru
Qazlal
Ru
Sif Muna
Trog
Uskayaw
Vehumet
Wu Jian
Xom
Yredelemnul
Zin
The Shining One
Jiyva

Shops:
D:2 [   D:10 =   Orc:2 *(*[   Shoals:4 !   Snake:1 :   Snake:3 =:=
Vaults:1 *:=[   Vaults:2 !   Vaults:3 (   Vaults:4 (   Vaults:5 ?[
Depths:1 (*?

Portals:
Hell: Depths:1 Depths:2 Depths:3 Depths:4
Abyss: Depths:2 Depths:3
Pandemonium: Depths:2
Ziggurat: Depths:3

Annotations:
Lair:2 2 transporters, Wotuewyts's ghost, journeyman MiFi
Shoals:1 3 runed translucent doors, Wyzutisk's ghost, journeyman MiFi
Shoals:2 3 runed translucent doors, Fonana's ghost, journeyman DgHu
Depths:3 exclusions: 2 ancient liches, dread lich and 1 more exclusion


Innate Abilities, Weirdness & Mutations

Your life essence is reduced to manifest your ancestor. (-10% HP)
You have a pair of large horns on your head.
You reflexively headbutt those who attack you in melee.
You are partially covered in iridescent scales. (AC +2)
Your mind is acute. (Int +4, Str/Dex -1)
You are resistant to electric shocks. (rElec)
You do not regenerate when monsters are visible.


Message History

You swap places. 4 golden eyes come into view.
You stride towards the golden eye!
A golden eye comes into view.
You impale the golden eye!!
You kill the golden eye!
Swellanck points at the golden eye and mumbles some strange words.
The golden eye easily resists.
You reach to attack!
You miss the golden eye.
You reach to attack!
You impale the golden eye!!
You kill the golden eye!
The golden eye blinks at you. You resist with almost no effort.
The golden eye blinks at you. You resist with almost no effort.
The golden eye blinks at you. You resist with almost no effort.
You reach to attack!
You impale the golden eye!!
You kill the golden eye!
The golden eye blinks at you. You resist with almost no effort.
You reach to attack!
You impale the golden eye!!
You kill the golden eye!
You stride towards the golden eye!
You miss the golden eye. You headbutt the golden eye!
The golden eye is severely wounded.
The golden eye blinks at you. You resist with almost no effort.
You hit the golden eye. You drain the golden eye.
You kill the golden eye!
(D) Dungeon (T) Temple (L) Lair (A) Shoals (P) Snake Pit (M) Slime Pits (O) Orcish Mines (E) Elven Halls (V) Vaults (C) Crypt (U) Depths (H) Hell (Z) Zot
Where to? (* - list waypoints, Enter - D:1 @ (x,y), ? - help)
You enter the shallow water.
Moving in this stuff is going to be slow.
You enter the shallow water.
Moving in this stuff is going to be slow.
Magic restored.
Ancestor HP restored.
There is a staircase leading out of the dungeon here.
What are your orders? t - Shout!
Orders for allies: a - Attack new target. r - Retreat! s - Stop attacking. g - Guard the area. f - Follow me.
Anything else - Cancel.
You shout for attention!
You have escaped!

##...♣♣~~~~~~.♣♣...# #.# #.#...
##..♣♣~♣♣♣♣♣♣♣~♣♣#.## #.# #.####
...♣♣~♣♣~~~~~♣♣~♣♣..# #.# #.#
..#♣~♣♣~♣♣♣♣♣~♣♣~♣#.# #.###.#
.##♣~♣~♣♣~~~♣♣~♣♣...## #..##.#
##♣♣~♣~♣~♣♣♣~♣♣~♣....# ##.#..# #
♣8~♣~♣~♣8♣~~♣~♣♣...# #.#.##
♣♣~♣~♣R~~~♣R♣~R♣...# #...#
♣~♣~~♣8♣~♣~♣♣@♣...# ##..#####
♣~♣♣~♣♣♣~♣♣~♣♣♣...# #.###...
♣♣~♣♣~~~~8♣~8♣♣...#####.###...
#♣♣~♣♣♣♣♣♣♣~♣♣..#.^...........
####.♣♣~~~~~~~♣♣.....#####.###...
......♣♣♣♣8♣♣♣♣..##### ### #...
####### ♣♣♣ #### ####


You could see the friendly Swellanck the hexer.

Vanquished Creatures
  the Royal Jelly (Slime:5)
  2 dread liches
  4 ancient liches
  3 orbs of fire (Zot:5)
  Mara (Depths:1)
  5 juggernauts
  3 Killer Klowns (Zot:5)
  Frederick (Vaults:4)
  Margery (Vaults:4)
  8 golden dragons
  A profane servitor (D:13)
  A bone dragon (Depths:4)
  A curse toe (Zot:5)
  2 Brimstone Fiends
  3 electric golems
  Zenata (Vaults:2)
  25 Orb Guardians (Zot:5)
  Mlioglotl (Shoals:2)
  12 tentacled monstrosities
  3 liches
  5 titans (Vaults:5)
  2 walking divine tomes (Depths:3)
  2 deep elf blademasters
  Asterion (Vaults:2)
  8 quicksilver dragons
  2 deep elf master archers (Elf:3)
  8 death cobs
  2 Executioners
  6 sphinxes
  14 acid blobs
  Donald (Orc:2)
  14 storm dragons
  12 shadow dragons
  5 tengu reavers
  Ilsuiw (Shoals:2)
  5 draconian monks
  9 rockslimes
  8 deep elf sorcerers
  5 draconian knights
  6 frost giants
  5 azure jellies
  12 nagarajas
  5 ghost moths
  2 draconian scorchers
  2 draconian shifters (Zot:1)
  6 fire giants
  18 vault wardens
  5 deep elf elementalists (Elf:3)
  4 iron dragons
  20 ironbound preservers
  An orc warlord (Vaults:2)
  5 draconian stormcallers
  The ghost of Buphadet the Fighter, a journeyman AtBe of Trog (D:13)
  2 war gargoyles (Vaults:3)
  4 quicksilver oozes
  A spriggan defender (Depths:2)
  7 stone giants
  2 draconian annihilators
  5 ironbound thunderhulks
  2 vampire knights (Depths:4)
  9 deep elf demonologists
  Nessos (Lair:5)
  29 very ugly things
  6 green draconians
  8 deep elf annihilators (Elf:3)
  13 dire elephants
  6 purple draconians
  9 yellow draconians
  A minotaur (Gauntlet)
  2 red draconians
  8 black draconians
  2 spark wasps (Depths:3)
  8 white draconians
  Snorg (D:12)
  16 ettins
  4 deep elf death magi
  A green death (Depths:4)
  8 fire dragons
  4 merfolk javelineers
  A crystal guardian (Vaults:4)
  12 merfolk impalers
  6 deep elf high priests
  19 yaktaur captains
  A blizzard demon (Zot:2)
  6 great orbs of eyes
  3 peacekeepers
  52 vault guards
  5 ice dragons
  2 hydras
  2 rakshasas
  2 alligator snapping turtles
  4 ogre magi
  3 spriggan air magi
  5 anacondas
  5 salamander tyrants (Snake:4)
  3 catoblepae
  3 boulder beetles
  19 centaur warriors
  3 ironbound frosthearts
  2 merfolk avatars
  7 merfolk aquamancers
  A satyr (Shoals:4)
  9 two-headed ogres
  8 death yaks
  17 naga warriors
  3 deep troll earth magi
  A tengu warrior (Depths:2)
  9 shock serpents
  4 deep troll shamans
  4 spriggan berserkers
  2 vampire magi
  29 dancing weapons
  4 orc high priests (Orc:2)
  4 hell knights
  4 spriggans
  Urug (Orc:1)
  14 naga sharpshooters
  A soul eater (Zot:2)
  4 iron trolls
  13 deep elf knights
  4 skysharks
  A titan skeleton (Depths:1)
  4 salamander mystics
  3 glowing orange brains
  12 sea snakes
  73 deep trolls
  A spark wasp zombie (Depths:1)
  13 deep elf archers
  14 orc knights
  24 deep elf zephyrmancers
  A kraken simulacrum (Shoals:4)
  16 ironbound convokers
  3 naga ritualists
  11 lindwurms
  3 wizards
  Pikel (D:6)
  3 phantasmal warriors
  15 harpies
  5 mana vipers
  8 necromancers
  An orc sorcerer (Orc:1)
  24 deep elf pyromancers
  16 manticores
  3 cyclopes
  31 ugly things
  A cyclops (shapeshifter) (Vaults:5)
  4 shining eyes
  A fire giant zombie (Depths:1)
  A shining eye (shapeshifter) (Vaults:5)
  11 salamanders
  A manticore (shapeshifter) (Vaults:5)
  5 fauns
  25 vault sentinels
  9 merfolk sirens
  24 moths of wrath
  Maurice (Orc:1)
  A smoke demon (Gauntlet)
  A black mamba (shapeshifter) (Elf:2)
  A fire giant skeleton (Depths:1)
  5 guardian serpents
  A torpor snail (Lair:4)
  12 naga magi
  2 molten gargoyles (Lair:5)
  2 eyes of devastation
  11 elephants
  30 black mambas
  A demonic crawler (Zot:5)
  11 water nymphs
  12 cane toads
  49 yaktaurs
  An unseen horror (D:12)
  2 orange demons
  A hellion (D:5)
  A yaktaur (shapeshifter) (Elf:2)
  2 efreet (D:14)
  A komodo dragon (shapeshifter) (Depths:3)
  10 komodo dragons
  7 freezing wraiths
  A rime drake (Lair:2)
  A tormentor (Depths:2)
  3 trolls
  34 merfolk
  An ice devil (Depths:2)
  3 red devils
  3 meliai (D:13)
  A meliai (shapeshifter) (Depths:2)
  8 wind drakes
  3 polar bears
  A polar bear (shapeshifter) (D:14)
  5 hornets
  6 snapping turtles
  6 blink frogs
  A hornet (shapeshifter) (Elf:1)
  A dream sheep (shapeshifter) (Vaults:4)
  7 dream sheep (Lair:3)
  A frost giant simulacrum (Depths:1)
  81 slime creatures
  8 flying skulls (Gauntlet)
  51 yaks
  A shadow (D:12)
  3 air elementals
  4 large abominations
  10 wyverns
  A ynoxinul (Zot:4)
  3 fire elementals
  2 hogs (shapeshifter)
  8 basilisks
  5 golden eyes (D:1)
  3 wraiths
  17 water elementals
  4 steam dragons
  2 vampire mosquitoes (D:12)
  44 nagas
  A warg (Orc:1)
  A water moccasin (shapeshifter) (Elf:2)
  A warg (shapeshifter) (Elf:2)
  5 acid dragons
  2 hell hounds (Lair:5)
  8 water moccasins
  31 orc warriors
  2 floating eyes
  2 sky beasts
  4 great orb of eyes simulacra (IceCv)
  An ice beast (D:8)
  2 black bears
  9 ogres
  13 boggarts
  13 wolves
  6 centaurs
  3 phantoms
  A slime creature simulacrum (IceCv)
  8 bullfrogs
  2 necrophages
  4 scorpions
  2 glowing shapeshifter simulacra (IceCv)
  A scorpion (shapeshifter) (Elf:2)
  2 earth elementals
  12 wights
  4 hexers
  A killer bee (D:10)
  A killer bee (shapeshifter) (Elf:2)
  A howler monkey (D:10)
  3 electric eels (Lair:2)
  4 crimson imps (Gauntlet)
  5 lava snakes (Lair:5)
  2 hounds (D:6)
  12 jellies
  A gnoll bouda (D:4)
  37 orc priests
  Jessica (D:3)
  An iguana (D:5)
  22 orc wizards
  10 hell rats
  A shapeshifter simulacrum (IceCv)
  12 gnolls
  11 adders
  2 white imps
  An ufetubus (D:5)
  2 worms
  4 dart slugs
  74 orcs
  6 endoplasms
  6 giant cockroaches
  8 goblins
  9 hobgoblins
  7 jackals
  5 quokkas
  6 ball pythons
  7 bats
  3 frilled lizards (D:2)
  9 kobolds
  A rat (shapeshifter) (Elf:2)
  5 rats
  A plant (Shoals:1)
  A tentacle (Shoals:4)
2029 creatures vanquished.

Vanquished Creatures (collateral kills)
  A dread lich (Zot:5)
  Jory (Vaults:5)
  An Ice Fiend (Depths:3)
  A walking earthen tome (Depths:4)
  A titan (Vaults:5)
  A tentacled monstrosity (Zot:5)
  4 acid blobs
  A walking crystal tome (Depths:2)
  2 Executioners
  A shadow dragon (Zot:3)
  5 storm dragons
  A nagaraja (Snake:4)
  2 rockslimes (Slime:5)
  2 azure jellies
  A vault warden (Vaults:3)
  A draconian scorcher (Zot:3)
  A draconian shifter (Zot:3)
  A draconian stormcaller (Zot:2)
  2 very ugly things
  A war gargoyle (Vaults:4)
  3 quicksilver oozes
  An ironbound preserver (Vaults:4)
  An ironbound thunderhulk (Vaults:2)
  A black draconian (Zot:2)
  A white draconian (Zot:2)
  2 deep elf annihilators (Elf:3)
  3 purple draconians
  3 yaktaur captains
  A fire dragon (D:15)
  3 great orbs of eyes
  2 deep elf high priests
  An ettin (Depths:2)
  An ice dragon (Depths:2)
  A vault guard (Vaults:5)
  A hydra (Lair:4)
  2 anacondas
  An ogre mage (Vaults:5)
  2 merfolk aquamancers (Shoals:4)
  2 centaur warriors (Vaults:3)
  A naga warrior (Snake:4)
  A satyr (Shoals:4)
  3 ironbound frosthearts
  An alligator snapping turtle (Shoals:4)
  A dancing weapon (Elf:2)
  An orc high priest (Orc:2)
  A spriggan berserker (Depths:2)
  A hell knight (Vaults:4)
  4 deep elf knights
  A cherub (Depths:2)
  6 deep trolls
  A deep elf archer (Elf:2)
  An ironbound convoker (Vaults:5)
  2 naga ritualists
  5 ugly things
  6 deep elf pyromancers
  A mana viper (Snake:3)
  A faun (shapeshifter) (Vaults:4)
  2 salamanders
  5 deep elf zephyrmancers
  A shining eye (Slime:5)
  2 manticores
  3 moths of wrath
  4 merfolk sirens
  A guardian serpent (Snake:4)
  3 black mambas
  An elephant (Lair:3)
  2 vault sentinels
  An ice statue (IceCv)
  A cane toad (Lair:2)
  A rime drake (Lair:3)
  3 komodo dragons
  An unseen horror (D:12)
  A freezing wraith (Vaults:5)
  4 yaktaurs
  A guardian mummy (D:11)
  A troll (D:9)
  3 merfolk
  2 polar bears
  A wind drake (Shoals:1)
  A snapping turtle (Shoals:2)
  2 blink frogs (Lair:1)
  A flying skull (Gauntlet)
  An air elemental (Elf:1)
  26 slime creatures
  3 water elementals (Shoals:4)
  A wraith (D:9)
  2 wyverns
  7 yaks
  A basilisk (D:9)
  An acid dragon (D:10)
  A naga (Snake:4)
  3 water moccasins
  A hell hound (Lair:5)
  3 orc warriors
  2 black bears
  A boggart (Vaults:4)
  An ogre (Orc:2)
  3 wolves
  A slime creature simulacrum (IceCv)
  A kobold brigand (D:11)
  3 bullfrogs
  A glowing shapeshifter simulacrum (IceCv)
  2 killer bees (D:10)
  2 orc priests (Orc:2)
  4 jellies (Lair:4)
  2 orc wizards
  A hell rat (Lair:3)
  A shapeshifter simulacrum (IceCv)
  13 orcs
  A hobgoblin (D:4)
  2 kobolds (D:11)
240 creatures vanquished.

Vanquished Creatures (others)
  A white draconian (Zot:3)
  A deep elf pyromancer (Elf:1)
  A deep elf zephyrmancer (Elf:1)
  A swamp drake (D:11)
  64 hexers
  2 ancestors (D:8)
  An orc (Orc:1)
  37 fungi
  166 plants
  3 tentacles (Shoals:4)
277 creatures vanquished.

Grand Total: 2546 creatures vanquished

Notes
Turn   | Place    | Note
-------+----------+-------------------------------------------
     0 | D:1      | snackwell the Minotaur Gladiator began the quest for the
                  | Orb.
     0 | D:1      | Reached XP level 1. HP: 18/18 MP: 0/0
   132 | D:1      | Reached XP level 2. HP: 24/25 MP: 1/1
   150 | D:1      | Reached skill level 3 in Fighting
   452 | D:1      | Reached XP level 3. HP: 31/31 MP: 2/2
   918 | D:2      | Found Ammua's Armour Shop.
  1237 | D:2      | Reached skill level 4 in Fighting
  1237 | D:2      | Reached XP level 4. HP: 40/40 MP: 3/3
  1319 | D:2      | Reached skill level 5 in Polearms
  1575 | D:3      | Noticed Jessica
  1577 | D:3      | Killed Jessica
  1936 | D:3      | Reached XP level 5. HP: 46/47 MP: 4/4
  2071 | D:3      | Reached skill level 5 in Fighting
  2441 | D:4      | You are sucked into a shaft and drop 1 floor!
  2441 | D:5      | Entered Level 5 of the Dungeon
  2574 | D:5      | Noticed a wyvern
  2579 | D:5      | Killed a wyvern
  2580 | D:5      | Reached XP level 6. HP: 57/57 MP: 5/5
  2606 | D:5      | Reached skill level 6 in Fighting
  2708 | D:5      | Reached XP level 7. HP: 62/64 MP: 6/6
  2759 | D:4      | Reached skill level 7 in Fighting
  3058 | D:4      | Reached skill level 8 in Fighting
  3317 | D:4      | Reached XP level 8. HP: 74/74 MP: 7/7
  4207 | D:5      | Reached skill level 9 in Fighting
  4374 | D:6      | Reached skill level 10 in Polearms
  4610 | D:6      | Reached skill level 10 in Fighting
  4667 | D:6      | Reached XP level 9. HP: 85/85 MP: 8/8
  4759 | D:6      | Noticed Pikel
  4766 | D:6      | Killed Pikel
  4799 | D:6      | Reached skill level 11 in Fighting
  5400 | D:7      | Found a staircase to the Ecumenical Temple.
  5452 | Temple   | Entered the Ecumenical Temple
  5758 | Temple   | Became a worshipper of Hepliaklqana the Forgotten
  5953 | D:7      | Reached * piety under Hepliaklqana
  5977 | D:7      | Found a hide-covered altar of Uskayaw.
  6277 | D:8      | Reached skill level 12 in Fighting
  6319 | D:8      | Reached skill level 1 in Armour
  6624 | D:8      | Reached XP level 10. HP: 87/87 MP: 9/9
  6724 | D:8      | Found a blossoming altar of Fedhas.
  7085 | D:9      | Noticed a two-headed ogre
  7095 | D:9      | Killed a two-headed ogre
  7277 | D:9      | Reached ** piety under Hepliaklqana
  7278 | D:9      | Noticed a centaur warrior
  7286 | D:9      | Remembered your ancestor Swellanck as a hexer
  7289 | D:9      | Killed a centaur warrior
  7290 | D:9      | Reached skill level 5 in Throwing
  7290 | D:9      | Reached skill level 5 in Armour
  7475 | D:9      | Found a staircase to the Orcish Mines.
  7725 | D:10     | Entered Level 10 of the Dungeon
  7736 | D:10     | Reached XP level 11. HP: 93/93 MP: 10/10
  7936 | D:10     | Identified the -1 pair of gloves of Meiwufis {rCorr}
  8143 | D:10     | Found Dasot's Jewellery Emporium.
  8307 | D:11     | Identified the +2 robe of a Gauntlet {rCorr}
  8386 | D:11     | Found a portal to a secret trove of treasure.
  8573 | D:11     | Identified the +5 ring mail "Haqiunga" {rElec rC+++ Int-2
                  | Dex-2}
  8775 | D:11     | Found a staircase to the Lair.
  9233 | Lair:1   | Entered Level 1 of the Lair of Beasts
  9260 | Lair:1   | Reached *** piety under Hepliaklqana
  9447 | Lair:1   | Reached skill level 1 in Evocations
  9528 | Lair:1   | Reached skill level 15 in Polearms
 10008 | Lair:2   | Reached skill level 13 in Fighting
 10030 | Lair:2   | Reached XP level 12. HP: 103/103 MP: 11/11
 10246 | Lair:2   | Noticed a death yak
 10258 | Lair:2   | Killed a death yak
 10297 | Lair:2   | Noticed a death yak
 10297 | Lair:2   | Noticed a death yak
 10297 | Lair:2   | Noticed a death yak
 10297 | Lair:2   | Noticed a death yak
 10342 | Lair:2   | Killed a death yak
 10343 | Lair:2   | Reached skill level 5 in Evocations
 10343 | Lair:2   | Killed a death yak
 10344 | Lair:2   | Reached skill level 14 in Fighting
 10353 | Lair:2   | Killed a death yak
 10454 | Lair:2   | Reached **** piety under Hepliaklqana
 10852 | Lair:2   | Found a transporter.
 10853 | Lair:2   | Noticed a death yak
 10853 | Lair:2   | Noticed Wotuewyts's ghost (journeyman MiFi)
 10862 | Lair:2   | Found a transporter.
 10955 | Lair:2   | Found a staircase to the Shoals.
 11113 | Lair:3   | You fall into a shaft and drop 2 floors!
 11113 | Lair:5   | Entered Level 5 of the Lair of Beasts
 11192 | Lair:5   | Reached skill level 15 in Fighting
 11309 | Lair:5   | Reached XP level 13. HP: 114/114 MP: 12/12
 11330 | Lair:5   | Found a frozen archway.
 11356 | IceCv    | Entered an ice cave
 11548 | IceCv    | Noticed a quicksilver ooze
 11554 | IceCv    | Killed a quicksilver ooze
 11737 | IceCv    | Reached skill level 16 in Fighting
 11836 | IceCv    | Found a viscous altar of Jiyva.
 11836 | IceCv    | Noticed an azure jelly
 11841 | IceCv    | Killed an azure jelly
 11850 | IceCv    | Noticed a quicksilver ooze
 11857 | IceCv    | Killed a quicksilver ooze
 11910 | IceCv    | Identified the ring "Onisatte" {rF+ rC+}
 12010 | Lair:5   | Noticed Nessos
 12018 | Lair:5   | Killed Nessos
 12453 | Lair:4   | Found a staircase to the Slime Pits.
 12453 | Lair:4   | Found a viscous altar of Jiyva.
 13065 | Lair:3   | Reached skill level 17 in Fighting
 13211 | Lair:3   | Reached ***** piety under Hepliaklqana
 13371 | Lair:3   | Found a staircase to the Snake Pit.
 13614 | Lair:3   | Identified 2 scrolls of acquirement
 13615 | Lair:3   | Acquired the +3 pair of seven-league boots {Rampage+∞}
 13615 | Lair:3   | Found the +3 pair of seven-league boots {Rampage+∞}
 13627 | Lair:3   | Acquired the +6 halberd "Zaedomoege" {speed, rC+ rN+}
 14003 | Lair:5   | Reached skill level 10 in Armour
 14003 | Lair:5   | Reached XP level 14. HP: 118/126 MP: 13/13
 14582 | Lair:5   | Reached skill level 10 in Evocations
 14593 | Lair:5   | Reached skill level 1 in Invocations
 14980 | Lair:5   | Found a large runed translucent door.
 14981 | Lair:5   | Found a large runed translucent door.
 15554 | Orc:1    | Entered Level 1 of the Orcish Mines
 15600 | Orc:1    | Reached skill level 18 in Fighting
 15776 | Orc:2    | Entered Level 2 of the Orcish Mines
 15864 | Orc:1    | Noticed Urug
 15941 | Orc:1    | Killed Urug
 16019 | Orc:1    | Noticed Maurice
 16030 | Orc:1    | Killed Maurice
 16191 | Orc:2    | Reached skill level 5 in Invocations
 16271 | Orc:2    | Found a staircase to the Elven Halls.
 16372 | Orc:2    | Noticed Donald
 16453 | Orc:2    | Killed Donald
 17122 | Orc:2    | Reached skill level 19 in Fighting
 17386 | Orc:2    | Found Hiowkiwk's General Store.
 17389 | Orc:2    | Found Wyrioge's General Store.
 17390 | Orc:2    | Found Mycidini's Antique Armour Shoppe.
 17391 | Orc:2    | Found Lukaam's Antique Weapon Emporium.
 17398 | Orc:2    | Bought 5 silver javelins for 720 gold pieces
 17401 | Orc:2    | Bought a scroll of enchant armour for 97 gold pieces
 17401 | Orc:2    | Bought 2 potions of heal wounds for 130 gold pieces
 17402 | Orc:2    | Bought a pair of runed gloves for 180 gold pieces
 17837 | D:12     | Noticed Snorg
 17846 | D:12     | Killed Snorg
 18429 | D:12     | Reached XP level 15. HP: 136/136 MP: 15/19
 18706 | D:12     | Acquired 1221 gold pieces
 19152 | Orc:2    | Bought fire dragon scales for 1440 gold pieces
 19517 | D:13     | Found a gate leading to a gauntlet.
 19567 | Gauntlet | Entered a Gauntlet
 19567 | Gauntlet | Found a transporter.
 19567 | Gauntlet | Found a transporter.
 19570 | Gauntlet | Found a transporter.
 19574 | Gauntlet | Found a transporter.
 19574 | Gauntlet | Found a transporter.
 19611 | Gauntlet | Found a transporter.
 19611 | Gauntlet | Found a transporter.
 19617 | Gauntlet | Found a runed translucent door.
 19625 | Gauntlet | Found a transporter.
 19637 | Gauntlet | Found a runed translucent door.
 19638 | Gauntlet | Found a transporter.
 19639 | Gauntlet | Found a runed translucent door.
 19652 | Gauntlet | Found a transporter.
 19656 | Gauntlet | Found a transporter.
 19668 | Gauntlet | Found a transporter.
 19978 | Gauntlet | Identified the +1 hat "Igihuzxa" {rElec rF+ rC++ Dex+3}
 20123 | Gauntlet | Got the Guide on the Unfortunate Wendigo
 20228 | D:13     | Found a transporter.
 20229 | D:13     | Noticed Buphadet's ghost (journeyman AtBe)
 20240 | D:13     | Found a sparkling altar of Nemelex Xobeh.
 20379 | D:13     | Reached skill level 5 in Dodging
 20654 | D:13     | Identified the +1 giant club of War {antimagic, Fly rPois
                  | Int+5 Dex+2}
 20654 | D:13     | Identified the +1 dire flail "Ohuojau" {speed, rC+}
 20731 | D:13     | Reached ****** piety under Hepliaklqana
 20886 | D:13     | Found a transporter.
 20918 | D:13     | Killed Buphadet's ghost
 21260 | D:14     | Found a gate to the Vaults.
 21313 | D:14     | Reached skill level 20 in Fighting
 21694 | D:15     | Entered Level 15 of the Dungeon
 21826 | D:15     | Found a glowing silver altar of Zin.
 22402 | D:15     | Found a staircase to the Depths.
 22480 | D:15     | Reached XP level 16. HP: 148/148 MP: 22/22
 22929 | Snake:1  | Entered Level 1 of the Snake Pit
 23045 | Snake:1  | Reached skill level 10 in Invocations
 23083 | Snake:1  | Reached skill level 10 in Dodging
 23471 | Snake:1  | Found Holaemyu's Tremendous Tomes.
 23473 | Snake:1  | Identified the +9 trident "Ameur Tuqa" {freeze, Int+5}
 23515 | Snake:1  | Reached XP level 17. HP: 154/154 MP: 23/23
 24103 | Snake:2  | Reached skill level 21 in Fighting
 24729 | Snake:3  | Upgraded the game from 0.30-a0-777-ga9a30cbeda to
                  | 0.30-a0-778-g2ef04afb54
 25487 | Snake:3  | Found Zyvugef's Jewellery Shoppe.
 25487 | Snake:3  | Found Jetiedemm's Book Boutique.
 25489 | Snake:3  | Found Puypsej's Jewellery Shoppe.
 25727 | Snake:4  | Entered Level 4 of the Snake Pit
 26747 | Snake:4  | Reached XP level 18. HP: 160/165 MP: 24/24
 26799 | Snake:4  | Reached skill level 22 in Fighting
 27500 | Snake:4  | Got a serpentine rune of Zot
 27766 | Shoals:1 | Entered Level 1 of the Shoals
 27848 | Shoals:1 | Reached skill level 15 in Armour
 28360 | Shoals:1 | Found a runed translucent gate.
 28360 | Shoals:1 | Found a runed translucent gate.
 28380 | Shoals:1 | Found a runed translucent gate.
 28381 | Shoals:1 | Noticed Wyzutisk's ghost (journeyman MiFi)
 28390 | Shoals:1 | Reached skill level 23 in Fighting
 28455 | Shoals:1 | You are sucked into a shaft and drop 1 floor!
 28691 | Shoals:2 | Noticed Mlioglotl
 28700 | Shoals:2 | Killed Mlioglotl
 28887 | Shoals:2 | Identified the +1 quarterstaff of Terra Cotta {chaos, rElec
                  | SInv Stlth+}
 28930 | Shoals:2 | Identified the +6 bardiche of Cumadeogog {freeze, rF+}
 28952 | Shoals:2 | Noticed Ilsuiw
 29219 | Shoals:2 | Found a runed translucent gate.
 29219 | Shoals:2 | Found a runed translucent gate.
 29219 | Shoals:2 | Found a runed translucent gate.
 29220 | Shoals:2 | Noticed Fonana's ghost (journeyman DgHu)
 29272 | Shoals:2 | Killed Ilsuiw
 30227 | Shoals:3 | Reached XP level 19. HP: 141/178 MP: 25/25
 30737 | Shoals:4 | Entered Level 4 of the Shoals
 30744 | Shoals:4 | Reached skill level 24 in Fighting
 31011 | Shoals:4 | Found Lihor's Distillery.
 31427 | Shoals:4 | Found the +0 mask of the Dragon {Will+ Slay+3 SInv}
 31550 | Shoals:4 | Got a barnacled rune of Zot
 31833 | Shoals:4 | Got Malob's Excursus on Hot Jinxing
 32500 | Elf:1    | Entered Level 1 of the Elven Halls
 32686 | Elf:1    | Identified the +7 spear "Qeepleag" {speed, rPois rN+ MP-9}
 32774 | Elf:1    | Reached skill level 25 in Fighting
 32775 | Elf:1    | Paralysed by an air elemental for 1 turns
 32977 | Elf:1    | Got the Omnibus of Skepticism
 33118 | Elf:1    | Identified the ring of Uskayaw's Esteem {Fly rElec rPois
                  | Str-5 Int+5}
 33768 | Elf:2    | Identified the +2 robe of the Soldier {Rampage Dex+6
                  | Slay-6}
 33853 | Elf:2    | Got the Handbook of Necrotic Earth
 33864 | Elf:2    | Got Sif Muna's Compilation of Elsewhere
 34187 | Elf:2    | Found a runed translucent gate.
 34188 | Elf:2    | Found a runed translucent gate.
 34188 | Elf:2    | Found a runed translucent gate.
 34512 | Elf:2    | Reached XP level 20. HP: 189/189 MP: 26/26
 34800 | Elf:3    | Entered Level 3 of the Elven Halls
 34971 | Elf:3    | Paralysed by an air elemental for 1 turns
 34993 | Elf:3    | Acquired a manual of Evocations
 35142 | Abyss:4  | Cast into level 4 of the Abyss (a deep elf sorcerer)
 35149 | Elf:3    | Escaped the Abyss
 35507 | Elf:3    | Identified the ring of Toocaateck {Wiz Str+3}
 35516 | Elf:3    | Identified the amulet of the Tormentor {Spirit Str+7 Dex-3}
 35621 | Elf:3    | Identified the +4 trident "Jellybane" {flame, rF+ Dex+3}
 35751 | Elf:3    | Reached skill level 10 in Throwing
 35804 | Elf:3    | Identified the +10 flail "Kissux" {freeze, rF+ rC+ rCorr}
 35915 | Elf:3    | Reached skill level 26 in Fighting
 35942 | Elf:3    | Identified the ring of Doloaraw {rCorr Str-2 Slay+5}
 35942 | Elf:3    | Found the +2 shield of Resistance {rF++ rC++ Will++}
 36051 | Elf:3    | Found the +3 pair of gauntlets of War {Slay+5}
 36692 | Vaults:1 | Entered Level 1 of the Vaults
 37148 | Vaults:1 | Found Unwo's Jewellery Shoppe.
 37296 | Vaults:1 | Found Unikk's Book Boutique.
 37372 | Vaults:1 | Found Ylamn's Antique Armour Emporium.
 37502 | Vaults:1 | Reached skill level 1 in Ranged Weapons
 37628 | Vaults:1 | Reached XP level 21. HP: 198/198 MP: 27/27
 37760 | Vaults:1 | Reached skill level 5 in Ranged Weapons
 37904 | Vaults:1 | Found Veofoykkia's Assorted Antiques.
 37910 | Vaults:1 | Bought a pitted bone ring for 120 gold pieces
 37910 | Vaults:1 | Identified the ring of Zetakhitz {rC+ rN+ AC+4} (You bought
                  | it in a shop on level 1 of the Vaults)
 38741 | Vaults:2 | Noticed Zenata
 38778 | Vaults:2 | Killed Zenata
 38861 | Vaults:2 | Reached skill level 10 in Ranged Weapons
 39049 | Vaults:2 | Noticed Asterion
 39064 | Vaults:2 | Killed Asterion
 39180 | Vaults:2 | Found Ikosuiss's Distillery.
 39559 | Vaults:2 | Bought a potion of heal wounds for 95 gold pieces
 39579 | Vaults:2 | Reached skill level 1 in Shields
 39704 | Vaults:2 | Reached skill level 5 in Shields
 39955 | Vaults:2 | Found a staircase to the Crypt.
 39955 | Vaults:2 | Found a basalt altar of Yredelemnul.
 39955 | Vaults:2 | Found an ancient bone altar of Kikubaaqudgha.
 40636 | Vaults:3 | Found Zafut's Antique Weapon Emporium.
 40795 | Vaults:3 | Identified the +5 trident "Ymetympyne" {venom, Drain rC+
                  | rN+ Int+2}
 40912 | Vaults:3 | Reached skill level 10 in Shields
 41624 | Vaults:3 | Reached XP level 22. HP: 191/206 MP: 28/28
 41828 | Vaults:4 | Reached skill level 5 in Stealth
 42069 | Vaults:4 | Identified the +1 leather armour of Hopscotch {Will- MP+9
                  | Dex+5}
 42094 | Vaults:4 | Noticed a golden dragon
 42105 | Vaults:4 | Killed a golden dragon
 42128 | Vaults:4 | Identified the +8 war axe "Soysoxta" {flame, rElec Str+9}
 42307 | Vaults:4 | Got The Final @book_name_on@ on Veiled Knowledge
 42676 | Vaults:4 | Noticed Margery
 42683 | Vaults:4 | Noticed Frederick
 42721 | Vaults:4 | Killed Margery
 42805 | Vaults:4 | Killed Frederick
 42973 | Vaults:4 | Found Subbud's Antique Weapon Boutique.
 43718 | Slime:1  | Entered Level 1 of the Pits of Slime
 43751 | Slime:2  | Reached skill level 15 in Shields
 43824 | Slime:2  | Gained mutation: You are dopey. (Int -2) [a shining eye]
 44387 | Slime:5  | Entered Level 5 of the Pits of Slime
 44653 | Slime:5  | Gained mutation: You have hidden genetic defects. [a
                  | shining eye]
 44882 | Slime:5  | Reached XP level 23. HP: 204/214 MP: 29/29
 44900 | Slime:5  | Noticed the Royal Jelly
 44928 | Slime:5  | Killed the Royal Jelly
 45219 | Slime:5  | Identified the +5 sling of Cheibriados's Pride {heavy, Fly
                  | rCorr Str+3}
 45246 | Slime:5  | Identified the +2 sling of the Dungeon {heavy, Str+3 SInv}
 45336 | Slime:5  | Got a slimy rune of Zot
 45351 | Slime:5  | Lost mutation: You have hidden genetic defects. [potion of
                  | mutation]
 45351 | Slime:5  | Lost mutation: You are dopey. (Int -2) [potion of mutation]
 45351 | Slime:5  | Gained mutation: You are strong-willed. (Will+) [potion of
                  | mutation]
 45351 | Slime:5  | Gained mutation: You are clumsy. (Dex -2) [potion of
                  | mutation]
 45351 | Slime:5  | Gained mutation: Your mind is acute. (Int +4, Str/Dex -1)
                  | [potion of mutation]
 45893 | Vaults:5 | Entered Level 5 of the Vaults
 45916 | Vaults:5 | Reached skill level 27 in Fighting
 45965 | Vaults:5 | Noticed Jory
 46436 | Vaults:5 | Got a silver rune of Zot
 46495 | Vaults:5 | Noticed a dread lich
 46518 | Vaults:5 | Killed a dread lich
 46526 | Vaults:5 | Identified the ring of Okawaru's Hope {Drain rC+++ rCorr
                  | Str+6}
 46531 | Vaults:5 | Identified the ring "Zaulusch" {rElec rPois Will+ Str+3
                  | Dex+2}
 46725 | Vaults:5 | Identified the +2 longbow of Pyromania {flame, rCorr Str+3}
 46757 | Vaults:5 | Killed Jory
 47088 | Vaults:5 | Noticed an ancient lich
 47099 | Vaults:5 | Killed an ancient lich
 47115 | Vaults:5 | Reached XP level 24. HP: 173/224 MP: 29/29
 47237 | Vaults:5 | Found Icaruh's Magic Scroll Emporium.
 47241 | Vaults:5 | Bought a scroll of blinking for 150 gold pieces
 47241 | Vaults:5 | Bought a scroll of teleportation for 60 gold pieces
 47241 | Vaults:5 | Bought a scroll of enchant weapon for 150 gold pieces
 47241 | Vaults:5 | Bought a scroll of teleportation for 60 gold pieces
 47241 | Vaults:5 | Bought a scroll of teleportation for 60 gold pieces
 47245 | Vaults:5 | Found Mytytuj's Armour Boutique.
 47454 | Vaults:5 | Identified the +10 mace "Brush" {antimagic, rF+ rCorr
                  | Int+2}
 47623 | Vaults:5 | Identified the +6 dagger "Killer Bee's Death" {flame, *Rage
                  | SInv Stlth+}
 47661 | Vaults:5 | Identified the +1 ring mail "Hirr" {Harm Regen+ Str-4
                  | Int+4}
 47808 | Vaults:5 | Got the Spellbook of the Geodesic and the Throng
 48097 | Depths:1 | Entered Level 1 of the Depths
 48134 | Depths:1 | Found a broken altar of Ashenzari.
 48175 | Depths:1 | Reached skill level 15 in Evocations
 48219 | Depths:1 | Found Ruimeros's Magic Scroll Shoppe.
 48221 | Depths:1 | Found Butrymp's General Store.
 48224 | Depths:1 | Found Qiemam's Antique Weapon Shoppe.
 48227 | Depths:1 | Bought 3 scrolls of enchant armour for 517 gold pieces
 48227 | Depths:1 | Bought a scroll of teleportation for 69 gold pieces
 48227 | Depths:1 | Bought a scroll of enchant weapon for 172 gold pieces
 48229 | Depths:1 | Bought a scroll of blinking for 157 gold pieces
 48229 | Depths:1 | Bought a scroll of teleportation for 63 gold pieces
 48461 | D:11     | You paid a toll of 14 scrolls of teleportation to enter a
                  | treasure trove
 48462 | Trove    | Entered a treasure trove
 48482 | Trove    | Got Sif Muna's Compendium of Damage and the Coals
 48521 | Trove    | Got Kuegeuh's Precepts of Breezy Kinetic Energy
 48524 | Trove    | Got Dutt's Quarto of Evolution
 48751 | Depths:1 | Bought a scroll of enchant weapon for 172 gold pieces
 49426 | Depths:1 | Found a gateway to Hell.
 49457 | Depths:1 | Identified the +5 scale mail of Gehenna {rElec rF+++ Int-5
                  | Slay+3}
 49550 | Depths:2 | Acquired a manual of Armour
 49692 | Depths:2 | Noticed a juggernaut
 49697 | Depths:2 | Noticed a juggernaut
 49697 | Depths:2 | Noticed a juggernaut
 49707 | Depths:1 | Killed a juggernaut
 49803 | Depths:2 | Noticed Mara
 49818 | Depths:2 | Noticed snackwell's illusion
 49841 | Depths:1 | Killed Mara
 50109 | Depths:2 | Found a shadowy altar of Dithmenos.
 50262 | Depths:2 | Acquired 857 gold pieces
 50360 | Depths:2 | Killed a juggernaut
 50378 | Depths:2 | Noticed a juggernaut
 50390 | Depths:2 | Killed a juggernaut
 50531 | Depths:2 | Killed a juggernaut
 50735 | Depths:2 | Found a one-way gate leading to the halls of Pandemonium.
 50890 | Depths:2 | Identified the +4 falchion "Annaeh" {heavy, SInv}
 50897 | Depths:2 | Found a one-way gate to the infinite horrors of the Abyss.
 51121 | Depths:3 | Found a one-way gateway to a ziggurat.
 51121 | Depths:3 | Noticed an ancient lich
 51121 | Depths:3 | Noticed a dread lich
 51248 | Depths:3 | Reached skill level 15 in Throwing
 51394 | Depths:3 | Noticed a juggernaut
 51404 | Depths:3 | Killed a juggernaut
 51557 | Depths:3 | Identified the +7 shortbow of Termination {freeze, rElec
                  | rN+ Will+ Stlth-}
 52471 | Depths:4 | Entered Level 4 of the Depths
 52689 | Depths:4 | Reached XP level 25. HP: 231/231 MP: 29/29
 53433 | Depths:4 | Identified the +1 shortbow "Puumotz" {antimagic, Will+
                  | Int+4}
 53456 | Depths:4 | Found a gate to the Realm of Zot.
 53508 | Zot:1    | Entered Level 1 of the Realm of Zot
 55580 | Zot:2    | Found a stormy altar of Qazlal.
 55630 | Zot:2    | Got the Quarto of Fire and Brimstone
 55652 | Zot:2    | Got the Grimoire of the Zealot
 57610 | Zot:4    | Reached XP level 26. HP: 230/232 MP: 29/29
 57682 | Zot:5    | Entered Level 5 of the Realm of Zot
 58725 | Zot:5    | Reached skill level 15 in Dodging
 58997 | Zot:5    | Noticed a dread lich
 59004 | Zot:5    | Killed a dread lich
 59199 | Zot:5    | Noticed an orb of fire
 59199 | Zot:5    | Gained mutation: You occasionally lose the ability to read
                  | scrolls when taking damage. [an orb of fire]
 59213 | Zot:5    | Killed an orb of fire
 59216 | Zot:5    | Lost mutation: You are strong-willed. (Will+) [potion of
                  | mutation]
 59216 | Zot:5    | Lost mutation: Your mind is acute. (Int +4, Str/Dex -1)
                  | [potion of mutation]
 59216 | Zot:5    | Lost mutation: You occasionally lose the ability to read
                  | scrolls when taking damage. [potion of mutation]
 59216 | Zot:5    | Gained mutation: Armour fits poorly on your strangely
                  | shaped body. [potion of mutation]
 59509 | Zot:5    | Noticed an ancient lich
 59520 | Zot:5    | Killed an ancient lich
 59718 | Zot:5    | Noticed an orb of fire
 59723 | Zot:5    | Noticed an orb of fire
 59749 | Zot:5    | Killed an orb of fire
 60015 | Zot:5    | Noticed an ancient lich
 60017 | Zot:5    | Killed an ancient lich
 60021 | Zot:5    | Noticed a dread lich
 60024 | Zot:5    | Gained mutation: You are weak. (Str -2) [an orb of fire]
 60025 | Zot:5    | Killed an orb of fire
 60034 | Zot:5    | Killed a dread lich
 60044 | Zot:5    | Noticed an ancient lich
 60072 | Zot:5    | Killed an ancient lich
 60547 | Zot:5    | Lost mutation: You are weak. (Str -2) [potion of mutation]
 60547 | Zot:5    | Lost mutation: You are clumsy. (Dex -2) [potion of
                  | mutation]
 60547 | Zot:5    | Gained mutation: You are frail. (-10% HP) [potion of
                  | mutation]
 60547 | Zot:5    | Gained mutation: You are partially covered in large bone
                  | plates. (SH +4) [potion of mutation]
 60547 | Zot:5    | Gained mutation: You do not regenerate when monsters are
                  | visible. [potion of mutation]
 60548 | Zot:5    | Lost mutation: You are partially covered in large bone
                  | plates. (SH +4) [potion of mutation]
 60548 | Zot:5    | Lost mutation: Armour fits poorly on your strangely shaped
                  | body. [potion of mutation]
 60548 | Zot:5    | Lost mutation: You are frail. (-10% HP) [potion of
                  | mutation]
 60548 | Zot:5    | Gained mutation: Armour fits poorly on your strangely
                  | shaped body. [potion of mutation]
 60548 | Zot:5    | Gained mutation: You have hidden genetic defects. [potion
                  | of mutation]
 60548 | Zot:5    | Gained mutation: You expend magic power (3 MP) to
                  | strengthen your wands. [potion of mutation]
 60549 | Zot:5    | Lost mutation: Armour fits poorly on your strangely shaped
                  | body. [potion of mutation]
 60549 | Zot:5    | Lost mutation: You expend magic power (3 MP) to strengthen
                  | your wands. [potion of mutation]
 60549 | Zot:5    | Lost mutation: You have hidden genetic defects. [potion of
                  | mutation]
 60549 | Zot:5    | Gained mutation: Your mind is acute. (Int +4, Str/Dex -1)
                  | [potion of mutation]
 60549 | Zot:5    | Gained mutation: You have a pair of large horns on your
                  | head. [potion of mutation]
 60549 | Zot:5    | Gained mutation: You are resistant to electric shocks.
                  | (rElec) [potion of mutation]
 60549 | Zot:5    | Gained mutation: You are partially covered in iridescent
                  | scales. (AC +2) [potion of mutation]
 60551 | Zot:5    | Got the Orb of Zot
 61419 | D:4      | Noticed Badyschom the pandemonium lord
 61570 | D:$      | Escaped with the Orb!

Illustrated notes

Levels and vault maps discovered:
D:1:      nagdon_arrival_double_spiral, layout_rooms, minmay_misc_feat_encased
D:2:      layout_basic, serial_shops, shop, serial_rivers,
          chequers_serial_rivers_micro_a, chequers_serial_rivers_micro_c,
          chequers_serial_rivers_micro_a, chequers_serial_rivers_micro_c,
          chequers_serial_rivers_micro_b
D:3:      layout_basic, uniq_jessica
D:4:      layout_basic, nicolae_grassy_gnolls
D:5:      layout_basic
D:6:      layout_cave_pools, uniq_pikel
D:7:      layout_cave_pools, nicolae_overflow_hidden_temple,
          minmay_temple_entry_offerings
D:8:      layout_basic, fedhas_altar_3
D:9:      layout_roguey, orc_0_dummy, minmay_bent
D:10:     layout_gridville, serial_shops, nicolae_shop_hallway_stairs
D:11:     layout_roguey, erik_lair_dragon, nicolae_trove_entry_path_of_doom
D:12:     layout_loops_ring, uniq_snorg
D:13:     layout_gridville, gauntlet_entry_generic, gammafunk_ghost_smash,
          nemelex_xobeh_ov_fountains_minmay
D:14:     layout_basic, erik_vaults_2
D:15:     grunt_enter_depths_hoard, layout_cave_pods, st_stairs_2, zin_academy
Temple:   compressed_dpeg_triangle_lava_temple
Lair:1:   layout_regular_city
Lair:2:   layout_regular_city, elwin_shoals_entry_rooms, gammafunk_ghost_arena,
          pdpol_lair_cavern_descent
Lair:3:   layout_layer_cave, guppyfry_snake_entry_garden,
          chequers_serial_rivers_room_a
Lair:4:   layout_loops_ring, minmay_slime_entry_jelly_boxes
Lair:5:   cheibrodos_lair_end_hotspot, layout_cave_pods,
          portal_ice_cave_entry_pillars_1, serial_forest,
          infiniplex_forest_straight_3, infiniplex_forest_clump_cross,
          infiniplex_forest_straight_2, infiniplex_forest_straight_2,
          infiniplex_forest_pool, infiniplex_forest_straight_2,
          infiniplex_forest_straight_4, uniq_nessos
Shoals:1: layout_shoals, gammafunk_ghost_tricky_traps
Shoals:2: layout_shoals, ebering_ghost_rock_garden, uniq_polyphemus,
          uniq_ilsuiw, uniq_mlioglotl
Shoals:3: layout_shoals
Shoals:4: shoals_end_grunt_ice, layout_shoals, serial_shops,
          nicolae_shop_statue_plus, nicolae_shoals_water_shrine
Snake:1:  layout_rooms, drop_trap, nicolae_shop_i_like_big_books,
          grunt_ministairs_15
Snake:2:  layout_basic, serial_corexii_hall, corexii_hall_statues_l,
          corexii_hall_statues_x, corexii_hall_statues_x, corexii_hall_statues_i
Snake:3:  layout_layer_cave, serial_bayou_shore_b, minmay_shop_grove
Snake:4:  grunt_snake_rune_spirals, layout_onion_interference,
          serial_bayou_shore_b
Slime:1:  layout_caves
Slime:2:  layout_caves
Slime:3:  layout_caves
Slime:4:  layout_caves, nicolae_slime_barrier
Slime:5
Orc:1:    layout_caves, hellmonk_bongcloud_opening, uniq_urug, uniq_maurice
Orc:2:    st_orc_pillars, layout_caves, uniq_donald
Elf:1:    elf_arrival_002, layout_loops_corners, minmay_elf_sorcery,
          grunt_ministairs_5
Elf:2:    nicolae_elf_blades_crystal_corner, layout_geoelf_octagon,
          nicolae_elf_shapeshifter_party
Elf:3:    minmay_elf_hall_spiked, layout_rooms, roderic_lattice_octagonal_star
Vaults:1: serial_ice_h, hangedman_vaults_stream, vaults_dpeg_ring, v_rooms_1,
          hangedman_vaults_stagger, serial_ice_b, grunt_vaults_hallway_long,
          v_rooms_3, nicolae_vaults_sealed_display, v_misc_8,
          nicolae_vaults_ninety_degrees, nicolae_vaults_ring_of_whatevers,
          nicolae_vaults_meeting, nicolae_vaults_gold_heap, vaults_mumra_lcd,
          layout_vaults_maze, serial_shops, nicolae_square_shop, shop, shop,
          nicolae_shop_waterfront
Vaults:2: ontoclasm_vaults_loading_screen, v_misc_13,
          minmay_crypt_entry_necro_gods, vaults_dpeg_cross, v_misc_5,
          vaults_room_pool, hangedman_vaults_stitches, vaults_room_pools,
          nicolae_vaults_mini_display_case, layout_vaults_omnigrid,
          serial_shops, shop, uniq_zenata, uniq_asterion
Vaults:3: nicolae_vaults_shelves_hall, vaults_room_fours,
          nicolae_vaults_border_crossing, nicolae_vaults_branching_niches,
          v_misc_24, v_misc_26, v_alt_pattern_3, hangedman_vaults_variations,
          nicolae_vaults_yaktaur_gun_rack, hangedman_vaults_nails,
          ontoclasm_vaults_ligature, layout_vaults_ring, serial_shops,
          nicolae_shop_trees
Vaults:4: v_misc_25, st_greater_box_3, v_misc_28, vaults_room_door_hall,
          v_alt_pattern_1, v_misc_12, nicolae_vaults_what_the_h,
          vaults_dpeg_hooks, vaults_room_grunt_arrival_checkpoint,
          ontoclasm_vaults_loading_screen, ontoclasm_vaults_decontamination,
          layout_vaults_big_cross, serial_shops,
          nicolae_shop_overgrown_old_shop, uniq_margery, uniq_frederick
Vaults:5: uniq_jory
Depths:1: layout_gridlike, hell_entry, ashenzari_conservatory_becter,
          bh_walls_and_bars, minmay_shop_star
Depths:2: nzn_winding_woodlands_cross [nzn_winding_woodlands_5x15_split_checker,
          nzn_winding_woodlands_5x15_longhouse,
          nzn_winding_woodlands_5x15_pathside_ponds,
          nzn_winding_woodlands_5x15_sidewinder,
          nzn_winding_woodlands_15x15_thick_spiral], layout_gridlike,
          pf_hell_entry_tar_spiral, abyss_entry, rand_demon_pan_entry_7,
          nicolae_dithmenos_shadow_blocks, minmay_staircase_bubble, uniq_mara
Depths:3: minmay_textured_paths, layout_basic, enter_ziggurat_c,
          abyss_entry_crystal, hell_entry, infiniplex_staircase_river
Depths:4: evilmike_zot_entry_hall, layout_basic, grunt_decor_one_mirror,
          hell_entry
Zot:1:    layout_misc_corridors, st_stairs_12
Zot:2:    nicolae_zot_draconian_monastery, layout_misc_corridors
Zot:3:    layout_misc_corridors, grunt_megastairs_1
Zot:4:    layout_basic, nicolae_lava_and_water
Zot:5:    layout_gridlike, grunt_ministairs_14

Skill      XL: |  1  2  3  4  5  6  7  8  9 10 11 12 13 14 15 16 17 18 19 20 21 22 23 24 25 26 |
---------------+-------------------------------------------------------------------------------+-----
Polearms       | 4 5 6 7 8 10 12 13 15 16 18 20 | 20.0
Fighting       | 3 4 5 6 8 10 12 13 15 17 19 20 21 23 25 26 27 | 27.0
Armour         | 2 6 8 10 11 13 16 19 20 21 22 24 26 | 26.1
Throwing       | 5 7 8 10 11 12 15 18 21 | 21.1
Evocations     | 3 7 9 10 12 14 17 | 17.0
Invocations    | 7 9 10 | 10.0
Dodging        | 9 11 13 14 18 | 18.1
Stealth        | 2 4 7 |  7.1
Ranged Weapons | 4 10 | 10.6
Shields        | 10 16 17 18 19 21 | 21.5

Action                     |  1- 3 |  4- 6 |  7- 9 | 10-12 | 13-15 | 16-18 | 19-21 | 22-24 | 25-27 || total
---------------------------+-------+-------+-------+-------+-------+-------+-------+-------+-------++-------
  Melee: Trident           |    85 |    38 |       |       |    16 |       |       |       |       ||   139
         Headbutt          |     8 |    10 |    41 |    98 |   298 |   200 |   363 |   461 |   236 ||  1715
         Punch             |     1 |       |       |       |       |       |       |       |       ||     1
         Halberd           |       |    49 |   325 |   454 |  1117 |  1152 |  1599 |       |       ||  4696
         Bardiche          |       |       |       |    81 |   236 |       |       |       |       ||   317
         Demon trident     |       |       |       |       |       |       |    52 |  1603 |   866 ||  2521
   Fire: Arbalest          |       |       |       |       |       |       |    33 |       |       ||    33
  Throw: Dart              |       |     5 |     7 |     5 |     2 |       |       |       |       ||    19
         Javelin           |       |       |     5 |       |     5 |     7 |       |     8 |    21 ||    46
         Boomerang         |       |       |     1 |     3 |     3 |    90 |    42 |    89 |   102 ||   330
         Throwing net      |       |       |       |       |       |       |       |     3 |       ||     3
 Invoke: Ancestor Identity |       |       |     1 |       |       |       |       |       |       ||     1
         Recall Ancestor   |       |       |       |     2 |     2 |     2 |     2 |     3 |     9 ||    20
         Ancestor Life: He |       |       |       |     1 |       |       |       |       |       ||     1
         Idealise          |       |       |       |       |     1 |       |       |       |     1 ||     2
  Evoke: Wand              |       |       |       |     8 |    15 |     4 |       |     2 |       ||    29
         Lightning rod     |       |       |       |       |     8 |     3 |       |       |       ||    11
         Condenser vane    |       |       |       |       |       |       |       |     1 |       ||     1
         Tin of tremorston |       |       |       |       |       |       |       |       |     2 ||     2
    Use: Scroll            |       |     6 |     7 |    16 |    11 |     4 |     5 |    21 |     6 ||    76
         Potion            |       |       |       |     1 |     3 |     3 |     3 |     5 |     5 ||    20
   Stab: Confused          |       |       |       |     8 |    23 |    16 |    40 |    55 |    26 ||   168
         Distracted        |       |       |       |     9 |     9 |    16 |    13 |    17 |    11 ||    75
         Invisible         |       |       |       |     2 |     5 |       |       |     2 |     7 ||    16
         Paralysed         |       |       |       |       |    18 |    43 |    43 |    72 |    38 ||   214
         Petrified         |       |       |       |       |       |     5 |       |     9 |       ||    14
         Petrifying        |       |       |       |       |       |     2 |       |     1 |       ||     3
         Sleeping          |       |       |       |       |       |       |     1 |     1 |       ||     2
         Held in net/web   |       |       |       |       |       |       |       |     1 |       ||     1
 Armour: Leather armour    |    12 |       |       |       |       |       |       |       |       ||    12
         Scale mail        |     5 |    27 |    89 |    17 |       |       |       |       |       ||   138
         Ring mail         |     1 |       |       |       |       |       |       |       |       ||     1
         Acid dragon scale |       |       |       |    67 |     7 |       |       |       |       ||    74
         Plate armour      |       |       |       |     2 |   276 |       |       |       |       ||   278
         Fire dragon scale |       |       |       |       |    87 |   161 |   197 |    11 |       ||   456
         Shadow dragon sca |       |       |       |       |       |       |       |    39 |       ||    39
         Storm dragon scal |       |       |       |       |       |       |       |   214 |       ||   214
         Gold dragon scale |       |       |       |       |       |       |       |   138 |   201 ||   339
  Dodge: Dodged            |    33 |    28 |   123 |   139 |   279 |   464 |   459 |   355 |   131 ||  2011
  Block: Kite shield       |       |       |       |       |       |       |    18 |   585 |   459 ||  1062

Table legend: (Time is in decaauts)
 A = Elapsed time spent in this place.
 B = Non-inter-level travel time spent in this place.
 C = Inter-level travel time spent in this place.
 D = Time resting spent in this place.
 E = Time spent auto-exploring this place.
 F = Levels seen in this place.
 G = Mean time per level.
                   A        B        C        D        E       F      G
               +--------+--------+--------+--------+--------+-----+--------+
         Total |  58528 |  50992 |   7536 |   4805 |  31649 |  57 | 1026.8 |
       Dungeon |  15672 |  12131 |   3541 |   1354 |   7749 |  15 | 1044.8 |
        Temple |    319 |    307 |     12 |      0 |    260 |   1 |  319.0 |
          Lair |   6187 |   5040 |   1147 |    276 |   3320 |   5 | 1237.4 |
        Shoals |   4013 |   3848 |    165 |    276 |   2409 |   4 | 1003.2 |
     Snake Pit |   4290 |   3958 |    332 |     75 |   2901 |   4 | 1072.5 |
    Slime Pits |   1623 |   1571 |     52 |    223 |    406 |   5 |  324.6 |
  Orcish Mines |   2076 |   1702 |    374 |    171 |   1005 |   2 | 1038.0 |
   Elven Halls |   3437 |   3198 |    239 |    189 |   2080 |   3 | 1145.7 |
        Vaults |   7547 |   6841 |    706 |    317 |   4246 |   5 | 1509.4 |
        Depths |   5022 |   4579 |    443 |    234 |   3360 |   4 | 1255.5 |
           Zot |   6994 |   6473 |    521 |   1435 |   3655 |   5 | 1398.8 |
         Abyss |      6 |      6 |      0 |      0 |      0 |   1 |    6.0 |
         Trove |     80 |     80 |      0 |      0 |      0 |   1 |   80.0 |
      Ice Cave |    644 |    644 |      0 |     85 |    198 |   1 |  644.0 |
      Gauntlet |    611 |    611 |      0 |    168 |     57 |   1 |  611.0 |
               +--------+--------+--------+--------+--------+-----+--------+

Top non-repeatable levels by time:
   Zot:5: 2803 daAuts
    D:11: 2252 daAuts
Vaults:5: 1864 daAuts
Vaults:2: 1693 daAuts
Depths:2: 1598 daAuts
Vaults:4: 1571 daAuts
   Orc:2: 1537 daAuts
 Snake:3: 1481 daAuts
   Zot:2: 1472 daAuts
  Lair:2: 1416 daAuts
  Lair:5: 1407 daAuts
 Snake:4: 1353 daAuts
     D:9: 1290 daAuts
    D:12: 1265 daAuts
Vaults:1: 1260 daAuts
